 Dungeon Crawl Stone Soup version 0.28-a0-500-g121bc3e445 (webtiles) character file.

Game seed: 5870983465130465261

97568 spiderkeys the Corrupter of Planes (level 16, -4/127 HPs)
             Began as a Gnoll Abyssal Knight on Sept 20, 2021.
             Was the Champion of Lugonu.
             Slain by an orc warrior (25 damage)
             ... on level 2 of the Orcish Mines.
             The game lasted 00:55:34 (29839 turns).

spiderkeys the Corrupter of Planes (GnAK)          Turns: 29839, Time: 00:55:35

Health: -4/127     AC: 46    Str: 20    XL:     16   Next: 20%
Magic:  29/30      EV:  6    Int: 17    God:    Lugonu [******]
Gold:   3043       SH: 11    Dex: 12    Spells: 31/36 levels left

rFire   + . .      SeeInvis +   t - +10 lance "Wyrmbane" {slay drac, rPois rF+ rC+ AC+3}
rCold   + . .      Faith    .   o - +0 kite shield
rNeg    . . .      Spirit   .   X - +8 crystal plate armour of the Heavens {Int+4, rare}
rPois   +          Reflect  .   c - +2 helmet
rElec   .          Harm     .   u - +2 cloak
rCorr   .          Rampage  .   M - +2 pair of gloves {Str+3}
Will    ++...      NoTele   +   I - +2 pair of boots {Stlth+}
Stlth   ..........              Y - amulet of Xeisiled {Acrobat -Tele Slay+5 Stlth-}
HPRegen 0.31/turn               v - ring of see invisible
MPRegen 0.22/turn               l - ring of willpower

@: no status effects
A: fangs 1, strong nose, distributed training
a: Renounce Religion, Depart the Abyss, Bend Space, Banish, Corrupt, Enter the
Abyss, Brand Weapon With Distortion


You were on level 2 of the Orcish Mines.
You worshipped Lugonu.
Lugonu was exalted by your worship.
You visited 4 branches of the dungeon, and saw 24 of its levels.
You visited the Abyss 1 time.
You also visited: Bailey and Ice Cave.

You collected 3500 gold pieces.
You spent 457 gold pieces at shops.


Innate Abilities, Weirdness & Mutations

You have very sharp teeth.
Your uncanny sense of smell can sniff out nearby items.
Your experience applies equally to all skills.


   Skills:
 + Level 12.2 Fighting
 + Level 10.6 Short Blades
 + Level 10.6 Long Blades
 + Level 10.6 Axes
 + Level 10.6 Maces & Flails
 + Level 11.5 Polearms
 + Level 10.6 Staves
 + Level 10.6 Slings
 + Level 10.6 Bows
 + Level 10.6 Crossbows
 + Level 10.6 Throwing
 + Level 11.5 Armour
 + Level 10.9 Dodging
 + Level 10.6 Stealth
 + Level 10.6 Shields
 + Level 10.6 Unarmed Combat
 + Level 10.6 Spellcasting
 + Level 9.0 Conjurations
 + Level 9.0 Hexes
 + Level 9.0 Summonings
 + Level 9.0 Necromancy
 + Level 9.0 Translocations
 + Level 9.0 Transmutations
 + Level 9.0 Fire Magic
 + Level 9.0 Ice Magic
 + Level 9.0 Air Magic
 + Level 9.0 Earth Magic
 + Level 9.0 Poison Magic
 + Level 12.2 Invocations
 + Level 10.6 Evocations


You had 31 spell levels left.
You knew the following spells:

 Your Spells              Type           Power      Damage    Failure   Level
a - Passwall              Tmut/Erth      32%        N/A       41%         2
m - Mephitic Cloud        Conj/Pois/Air  39%        N/A       65%         3

Your spell library contained the following spells:

 Spells                   Type           Power      Damage    Failure   Level
 Foxfire                  Conj/Fire      100%       2x1d9     28%         1
 Shock                    Conj/Air       100%       1d9       28%         1
 Sting                    Tmut/Pois      100%       1d8       28%         1
 Summon Small Mammal      Summ           100%       N/A       28%         1
 Corpse Rot               Necr/Air       N/A        N/A       41%         2
 Ensorcelled Hibernation  Hex/Ice        78%        N/A       41%         2
 Poisonous Vapours        Pois/Air       78%        N/A       41%         2
 Call Canine Familiar     Summ           39%        N/A       65%         3
 Gell's Gravitas          Tloc           19%        N/A       65%         3
 Ignite Poison            Fire/Tmut/Pois 39%        N/A       65%         3
 Ozocubu's Armour         Ice            39%        N/A       65%         3
 Spider Form              Tmut/Pois      19%        N/A       65%         3
 Summon Guardian Golem    Hex/Summ       39%        N/A       65%         3
 Swiftness                Air            39%        N/A       65%         3
 Teleport Other           Tloc           39%        N/A       65%         3
 Tukima's Dance           Hex            39%        N/A       65%         3
 Airstrike                Air            19%        N/A       96%         4
 Dispel Undead            Necr           39%        3d16      96%         4
 Olgreb's Toxic Radiance  Pois           39%        N/A       96%         4
 Passage of Golubria      Tloc           N/A        N/A       96%         4
 Petrify                  Tmut/Erth      39%        N/A       96%         4
 Summon Lightning Spire   Summ/Air       39%        N/A       96%         4
 Blade Hands              Tmut           19%        N/A       100%        5
 Freezing Cloud           Conj/Ice/Air   19%        6-21      100%        5
 Irradiate                Conj/Tmut      19%        3d20      100%        5
 Metabolic Englaciation   Hex/Ice        19%        N/A       100%        5
 Silence                  Hex/Air        19%        N/A       100%        5
 Death Channel            Necr           19%        N/A       100%        6
 Dispersal                Tloc           19%        N/A       100%        6
 Invisibility             Hex            19%        N/A       100%        6
 Simulacrum               Ice/Necr       19%        N/A       100%        6
 Statue Form              Tmut/Erth      26%        N/A       100%        6
 Malign Gateway           Summ/Tloc      19%        N/A       100%        7
 Spellforged Servitor     Conj/Summ      19%        N/A       100%        7
 Storm Form               Tmut/Air       19%        N/A       100%        7
 Lehudib's Crystal Spear  Conj/Erth      19%        10d6      100%        8
 Maxwell's Capacitive Co  Air            19%        ∞         100%        8
 Summon Horrible Things   Summ           19%        N/A       100%        8

Inventory:

Hand Weapons
 b - a +7 longbow of electrocution
   (You acquired it on level 9 of the Dungeon)
 d - the +6 flail of Bloody Death {holy, rPois rC+}
   (You found it on level 2 of the Abyss)

   It has been blessed by the Shining One to cause great damage to the undead
   and demons.
   rC:        It protects you from cold.
   rPois:     It protects you from poison.
 t - the +10 lance "Wyrmbane" (weapon) {slay drac, rPois rF+ rC+ AC+3}
   (You took it off Maggie on level 8 of the Dungeon)

   It inflicts extra damage against dragons and draconians.
   AC:        It affects your AC (+3).
   rF:        It protects you from fire.
   rC:        It protects you from cold.
   rPois:     It protects you from poison.
 K - the +14 obsidian axe {vorpal, Mesm Drain Fly SInv}
   (You acquired it in an ice cave)

   It inflicts extra damage upon your enemies.
   It occasionally summons demons to assist the wielder when it strikes in
   combat.
   Its wielder is mesmerised by any visible foes.
   It cannot be unequipped while any foes are visible.
   SInv:      It lets you see invisible.
   Fly:       It grants you flight.
   Drain:     It drains your maximum health when unequipped.
Missiles
 r - 299 arrows
 z - 2 throwing nets {=f!f}
 B - 66 poisoned darts
 F - 5 silver javelins
 H - 6 javelins
 S - 3 curare-tipped darts {=f}
 U - 4 atropa-tipped darts
Armour
 c - a +2 helmet (worn)
   (You found it on level 2 of the Abyss)
 o - a +0 kite shield (worn)
   (You took it off an orc priest on level 8 of the Dungeon)
 u - a +2 cloak (worn)
   (You found it on level 7 of the Dungeon)
 G - a +2 pair of gloves of stealth
   (You found it on level 9 of the Dungeon)
 I - a +2 pair of boots of stealth (worn)
   (You found it in a bailey)
 M - a +2 pair of gloves of strength (worn)
   (You bought it in a shop on level 12 of the Dungeon)
 X - the +8 crystal plate armour of the Heavens (worn) {Int+4, rare}
   (You acquired it in an ice cave)

   Int:       It affects your intelligence (+4).
Jewellery
 e - an amulet of reflection
   (You found it on level 1 of the Dungeon)
 g - an amulet of regeneration
   (You found it on level 13 of the Dungeon)
 l - a ring of willpower (right hand)
   (You found it in a bailey)
 v - a ring of see invisible (left hand)
   (You found it on level 15 of the Dungeon)
 R - a ring of resist corrosion
   (You found it on level 5 of the Dungeon)
 Y - the amulet of Xeisiled (around neck) {Acrobat -Tele Slay+5 Stlth-}
   (You acquired it on level 6 of the Lair of Beasts)

   [amulet of the acrobat]

   It increases your evasion while moving and waiting.
   Slay:      It affects your accuracy & damage with ranged weapons and melee
   (+5).
   -Tele:     It prevents most forms of teleportation.
   Stlth:     It makes you less stealthy.
Wands
 x - a wand of iceblast (4)
   (You took it off Maurice on level 1 of the Orcish Mines)
 C - a wand of mindburst (7)
   (You found it on level 6 of the Lair of Beasts)
 D - a wand of digging (5)
   (You took it off a tengu conjurer on level 13 of the Dungeon)
Scrolls
 h - 2 scrolls of magic mapping {!r}
 i - 17 scrolls of teleportation {@r4}
 n - 2 scrolls of amnesia
 y - 4 scrolls of vulnerability {!r!r}
 A - a scroll of fog
 J - 2 scrolls of immolation {!r!r}
 L - a scroll of brand weapon
 P - 2 scrolls of identify {@r1}
 T - 2 scrolls of enchant weapon
 W - a scroll of holy word
 Z - a scroll of enchant armour
Potions
 a - 4 potions of might
 f - 2 potions of invisibility
 k - 8 potions of curing {@q1}
 m - 8 potions of heal wounds {@q2}
 p - 3 potions of cancellation
 q - 7 potions of lignification {!q}
 s - 5 potions of brilliance
 w - a potion of resistance
 E - 2 potions of attraction {!q}
 N - a potion of mutation {!q}
 O - 2 potions of haste {@q3}
 Q - 2 potions of magic
 V - 5 potions of flight
Miscellaneous
 j - a condenser vane
   (You found it in an ice cave)

Dungeon Overview and Level Annotations

Branches:
Dungeon (15/15)            Temple (0/1) D:4            Lair (6/6) D:9
  Swamp (0/4) Lair:4       Spider (0/4) Lair:3        Slime (0/5) Lair:5
    Orc (2/2) D:11            Elf (0/3) Orc:2        Vaults (0/5) D:13
 Depths (1/4) D:15         Bailey (visited)           IceCv (visited)

Altars:
Cheibriados
Dithmenos
Elyvilon
Fedhas
Kikubaaqudgha
Okawaru
Qazlal
Vehumet
Wu Jian
Xom
Zin
Beogh

Shops:
D:1 *   D:2 !   D:10 !   D:12 [ Orc:2

(:
##...........#........
#.......P.............
#......P..............
#....P.P.......$.)...#
#........PP.......###
#...........)....####
#.P...∩....†........#
#..........)........#
#.†.@...8............
##.^oPo....#.........
#.........##........
###.§...######......
####### #.......
......... .........
$._...... .......


You could see an orc knight and an orc warrior (strong).


Message History

You barely miss the orc warrior. You block the warg's attack.
The orc warrior hits you but does no damage.
You block the orc knight's attack.
The orc warrior hits you with a +0 battleaxe!
* * * LOW HITPOINT WARNING * * *
😨 HP[-9]
You take 9 damage, and now have 46/127 hp.
You hit the orc warrior.
You kill the orc warrior!
Lugonu accepts your kill. You block the warg's attack.
You block the orc warrior's attack. The orc knight barely misses you.
You puncture the warg!
You block the warg's attack. 😨 HP[+1] Space bends sharply around you!
You blink. 😨 HP[-2] MP[-1]
You take 2 damage, and now have 45/127 hp.
You lost 1 mp, and now have 29/30 mp.
Unknown command.
The orc knight hits the fungus with a +0 glaive!!
The fungus begins to die. 😨 HP[+1]
Press: ? - help, v - describe, . - travel A teleport trap. 😨 MP[+1]
Your mp is fully restored (30). 😨 HP[+1]
You puncture the warg!
The orc warrior no longer looks unusually strong.
A nearby fungus withers and dies.
You block the warg's attack. The orc warrior barely misses you.
The orc knight roars a battlecry!
The orc warrior goes into a battle-frenzy!
You puncture the warg!
You kill the warg!
Lugonu accepts your kill. You block the orc warrior's attack.
There are monsters nearby! 😨 HP[+1] Reach: t) +10 lance "Wyrmbane" {slay drac, rPois rF+ rC+ AC+3}
Press: ? - help, Dir - move target, f - orc knight, p - orc warrior
Aim: an orc knight, wielding a +0 glaive and wearing a +0 plate armour (about 22% to evade the +10 lance "Wyrmbane")
You reach to attack!
You puncture the orc knight! The orc knight completely misses you.
You block the orc knight's attack.
The orc knight hits you from afar with a +0 glaive.
* * * LOW HITPOINT WARNING * * *
The orc warrior misses you. 😨 HP[-4]
You take 4 damage, and now have 44/127 hp.
You block the orc knight's attack.
The orc warrior hits the fungus with a +0 halberd!!
The fungus begins to die.
The orc knight hits the fungus with a +0 glaive!!!
The fungus begins to die.
The orc warrior hits the fungus with a +0 halberd! 😨 HP[+1]
The orc warrior hits the fungus with a +0 halberd!!
The fungus begins to die.
Reach: t) +10 lance "Wyrmbane" {slay drac, rPois rF+ rC+ AC+3}
Press: ? - help, Dir - move target, f/p - orc knight
Aim: an orc knight, wielding a +0 glaive and wearing a +0 plate armour (lightly wounded, about 22% to evade the +10 lance "Wyrmbane")
You reach to attack!
You hit the orc knight.
A nearby fungus withers and dies. x2
You block the orc knight's attack.
Reach: t) +10 lance "Wyrmbane" {slay drac, rPois rF+ rC+ AC+3}
Press: ? - help, Dir - move target, f/p - orc knight
Aim: an orc knight, wielding a +0 glaive and wearing a +0 plate armour (lightly wounded, about 22% to evade the +10 lance "Wyrmbane")
You reach to attack!
You hit the orc knight. 😨 HP[+1] Reach: t) +10 lance "Wyrmbane" {slay drac, rPois rF+ rC+ AC+3}
Press: ? - help, Dir - move target, f/p - orc knight
Aim: an orc knight, wielding a +0 glaive and wearing a +0 plate armour (lightly wounded, about 22% to evade the +10 lance "Wyrmbane")
You reach to attack!
You hit the orc knight.
A nearby fungus withers and dies.
The orc warrior no longer looks unusually strong.
The orc knight roars a battlecry!
The orc warrior goes into a battle-frenzy!
Reach: t) +10 lance "Wyrmbane" {slay drac, rPois rF+ rC+ AC+3}
Press: ? - help, Dir - move target, f/p - orc knight
Aim: an orc knight, wielding a +0 glaive and wearing a +0 plate armour (moderately wounded, about 22% to evade the +10 lance "Wyrmbane")
You reach to attack!
You puncture the orc knight!
Reach: t) +10 lance "Wyrmbane" {slay drac, rPois rF+ rC+ AC+3}
Press: ? - help, Dir - move target, f - orc warrior, p - orc knight
Aim: an orc warrior, wielding a +0 halberd and wearing a +0 plate armour (moderately wounded, strong, about 22% to evade the +10 lance "Wyrmbane")
You reach to attack!
You impale the orc warrior!!
The orc knight hits you from afar with a +0 glaive.
* * * LOW HITPOINT WARNING * * *
The orc warrior hits you from afar with a +0 halberd!!
* * * LOW HITPOINT WARNING * * *
😱 HP[-23]
You take 23 damage, and now have 23/127 hp.
Reach: t) +10 lance "Wyrmbane" {slay drac, rPois rF+ rC+ AC+3}
Press: ? - help, Dir - move target, f/p - orc warrior
Aim: an orc warrior, wielding a +0 halberd and wearing a +0 plate armour (almost dead, strong, about 22% to evade the +10 lance "Wyrmbane")
Okay, then.
Space bends around you!
You blink.
You block the orc knight's attack.
The orc warrior hits you from afar with a +0 halberd!!
You die...

Skill      XL: |  1  2  3  4  5  6  7  8  9 10 11 12 13 14 15 16 |
---------------+-------------------------------------------------+-----
Short Blades   | 1 2 4 5 6 7 8 9 10 | 10.6
Long Blades    | 1 2 4 5 6 7 8 9 10 | 10.6
Axes           | 1 2 4 5 6 7 8 9 10 | 10.6
Maces & Flails | 1 2 4 5 6 7 8 9 10 | 10.6
Staves         | 1 2 4 5 6 7 8 9 10 | 10.6
Slings         | 1 2 4 5 6 7 8 9 10 | 10.6
Bows           | 1 2 4 5 6 7 8 9 10 | 10.6
Crossbows      | 1 2 4 5 6 7 8 9 10 | 10.6
Throwing       | 1 2 4 5 6 7 8 9 10 | 10.6
Stealth        | 1 2 4 5 6 7 8 9 10 | 10.6
Shields        | 1 2 4 5 6 7 8 9 10 | 10.6
Unarmed Combat | 1 2 4 5 6 7 8 9 10 | 10.6
Spellcasting   | 1 2 4 5 6 7 8 9 10 | 10.6
Conjurations   | 1 2 3 4 5 6 7 8 9 |  9.0
Hexes          | 1 2 3 4 5 6 7 8 9 |  9.0
Summonings     | 1 2 3 4 5 6 7 8 9 |  9.0
Necromancy     | 1 2 3 4 5 6 7 8 9 |  9.0
Translocations | 1 2 3 4 5 6 7 8 9 |  9.0
Transmutations | 1 2 3 4 5 6 7 8 9 |  9.0
Fire Magic     | 1 2 3 4 5 6 7 8 9 |  9.0
Ice Magic      | 1 2 3 4 5 6 7 8 9 |  9.0
Air Magic      | 1 2 3 4 5 6 7 8 9 |  9.0
Earth Magic    | 1 2 3 4 5 6 7 8 9 |  9.0
Poison Magic   | 1 2 3 4 5 6 7 8 9 |  9.0
Evocations     | 1 2 4 5 6 7 8 9 10 | 10.6
Dodging        | 3 4 5 6 7 8 9 10 | 10.9
Invocations    | 5 6 7 8 9 10 11 12 | 12.2
Polearms       | 5 6 7 8 9 10 11 | 11.5
Armour         | 5 6 7 8 9 10 11 | 11.5
Fighting       | 7 8 9 10 11 12 | 12.2

Action                   |  1- 3 |  4- 6 |  7- 9 | 10-12 | 13-15 | 16-18 || total
-------------------------+-------+-------+-------+-------+-------+-------++-------
Melee: Flail             |     2 |   207 |   263 |    14 |    75 |       ||   561
       Bite              |       |    16 |    27 |    77 |   251 |    25 ||   396
       Punch             |       |     3 |     2 |       |       |       ||     5
       Lance             |       |       |       |   645 |  1593 |   157 ||  2395
 Fire: Longbow           |       |       |       |   106 |   122 |       ||   228
Throw: Dart              |       |       |     4 |    11 |    14 |     2 ||    31
       Throwing net      |       |       |       |     1 |       |       ||     1
       Javelin           |       |       |       |       |     7 |       ||     7
Invok: Depart the Abyss  |       |     1 |       |       |       |       ||     1
       Bend Space        |       |       |     5 |     4 |     8 |     3 ||    20
       Banish            |       |       |       |     1 |       |       ||     1
Evoke: Wand              |       |       |     7 |     4 |     1 |     2 ||    14
  Use: Scroll            |     1 |     3 |     8 |    13 |    15 |       ||    40
       Potion            |       |       |     5 |     3 |       |       ||     8
 Stab: Sleeping          |       |     3 |     1 |     6 |     4 |       ||    14
       Distracted        |       |       |     1 |       |     2 |       ||     3
       Held in net/web   |       |       |     1 |       |       |       ||     1
       Petrified         |       |       |       |       |    10 |       ||    10
Armor: Leather armour    |       |    72 |    44 |       |       |       ||   116
       Scale mail        |       |       |   103 |   298 |   161 |       ||   562
       Crystal plate arm |       |       |       |       |   820 |    80 ||   900
Dodge: Dodged            |     1 |   128 |   171 |   197 |   299 |    25 ||   821
Block: Other             |       |    50 |    51 |     9 |    22 |       ||   132
       Reflection        |       |     4 |     2 |    26 |     3 |       ||    35
       Kite shield       |       |       |    69 |   378 |   848 |    81 ||  1376

Levels and vault maps discovered:
D:1:      lightli_arrival_windingriver, layout_basic,
          hellmonk_ecumenical_altar_watching_god, serial_shops,
          nicolae_square_shop
D:2:      minmay_roachtagon, layout_basic, serial_shops, nicolae_shop_stone,
          chequers_decorated_corner, minmay_split_cup_small
D:3:      layout_basic, hangedman_abyss_or_decor_lesser_grid
D:4:      kennysheep_slugbush, layout_basic, mainiacjoe_overflow_cross_hatched,
          nicolae_vehumet_altar_sigil, nicolae_qazlal_eye_of_the_storm,
          grunt_temple_overflow_open, minmay_temple_entry_purple_smoke,
          minmay_misc_feat_five
D:5:      layout_basic, nicolae_overflow_crystal_walls, water_boxes_lemuel
D:6:      layout_rooms
D:7:      layout_rooms, mainiacjoe_overflow_alcove_1, uniq_joseph, uniq_harold
D:8:      layout_basic, chei_slow_surprise, uniq_maggie
D:9:      layout_stronghold, mainiacjoe_overflow_catwalk,
          grunt_dithmenos_shadows, lair_entry_dummy, kennysheep_generic_room_10
D:10:     layout_stronghold, old_standard_altar, serial_shops,
          nicolae_shop_crystal, uniq_grum
D:11:     layout_loops_ring, orc_0_dummy, nicolae_wwwww, uniq_erolcha
D:12:     layout_basic, enter_bailey_3, serial_shops, shop
D:13:     layout_basic, erik_vaults_2
D:14:     layout_roguey, minivault_24
D:15:     grunt_enter_depths_magical_seal, layout_small_grid, okawaru_trees_2
Lair:1:   layout_long_grid, portal_ice_cave_entry_pillars_1,
          infiniplex_staircase_pool_2
Lair:2:   layout_regular_city, serial_bayou_shore_a, infiniplex_staircase_pool,
          grunt_megastairs_1
Lair:3:   layout_layer_cave, nicolae_spider_entry_orb_guardian
Lair:4:   layout_roguey, minmay_swamp_entry_reptiles, fungi_pond_lemuel,
          guppyfry_lair_drakes
Lair:5:   layout_cave_shapes, nicolae_slime_entry_slimehenge,
          grunt_forest_large_clearing_hut, uniq_josephine
Lair:6:   due_jungle_book, layout_cellular_growth, nicolae_lair_yak_garden
Orc:1:    cheibrodos_orc_guarddog, layout_caves, uniq_jorgrun, uniq_sonja,
          uniq_maurice
Orc:2:    grunt_orc_gardens, layout_diamond_mine, grunt_orc_garden,
          grunt_orc_garden, grunt_orc_garden, grunt_orc_garden, basic_altar
Depths:1: layout_gridlike, enter_ziggurat_b, pf_hell_entry_tar_spiral,
          rand_demon_pan_entry_7, kennysheep_nub, gammafunk_ghost_arena,
          st_stairs_1, nzn_random_ring, uniq_enchantress, uniq_nikola

Notes
Turn   | Place    | Note
-------+----------+-------------------------------------------
     0 | Abyss:1  | spiderkeys the Gnoll Abyssal Knight began the quest for the
                  | Orb.
     0 | Abyss:1  | Reached XP level 1. HP: 23/23 MP: 3/3
     0 | Abyss:1  | magus.rc [v1.9.10]
    42 | Abyss:2  | Found a corrupted altar of Lugonu.
    62 | Abyss:2  | Noticed a small abomination
    65 | Abyss:2  | Identified the +6 flail of Bloody Death {holy, rPois rC+}
    84 | Abyss:2  | Killed a small abomination
    85 | Abyss:2  | Reached skill level 1 in Short Blades
    85 | Abyss:2  | Reached skill level 1 in Long Blades
    85 | Abyss:2  | Reached skill level 1 in Axes
    85 | Abyss:2  | Reached skill level 1 in Maces & Flails
    85 | Abyss:2  | Reached skill level 1 in Staves
    85 | Abyss:2  | Reached skill level 1 in Slings
    85 | Abyss:2  | Reached skill level 1 in Bows
    85 | Abyss:2  | Reached skill level 1 in Crossbows
    85 | Abyss:2  | Reached skill level 1 in Throwing
    85 | Abyss:2  | Reached skill level 1 in Stealth
    85 | Abyss:2  | Reached skill level 1 in Shields
    85 | Abyss:2  | Reached skill level 1 in Unarmed Combat
    85 | Abyss:2  | Reached skill level 1 in Spellcasting
    85 | Abyss:2  | Reached skill level 1 in Conjurations
    85 | Abyss:2  | Reached skill level 1 in Hexes
    85 | Abyss:2  | Reached skill level 1 in Summonings
    85 | Abyss:2  | Reached skill level 1 in Necromancy
    85 | Abyss:2  | Reached skill level 1 in Translocations
    85 | Abyss:2  | Reached skill level 1 in Transmutations
    85 | Abyss:2  | Reached skill level 1 in Fire Magic
    85 | Abyss:2  | Reached skill level 1 in Ice Magic
    85 | Abyss:2  | Reached skill level 1 in Air Magic
    85 | Abyss:2  | Reached skill level 1 in Earth Magic
    85 | Abyss:2  | Reached skill level 1 in Poison Magic
    85 | Abyss:2  | Reached skill level 1 in Evocations
    85 | Abyss:2  | Reached XP level 2. HP: 12/29 MP: 5/5
    85 | Abyss:2  | Reached XP level 3. HP: 15/35 MP: 6/6
    85 | Abyss:2  | Reached XP level 4. HP: 17/41 MP: 7/7
    85 | Abyss:2  | Reached XP level 5. HP: 20/47 MP: 8/8
   134 | Abyss:2  | Noticed a tentacled starspawn
   138 | D:1      | You pass through the gate.
   138 | D:1      | Escaped the Abyss
   293 | D:1      | Found Miqesk's General Store.
   574 | D:1      | Noticed a great orb of eyes
   578 | D:1      | Found a faded altar of an unknown god.
   579 | D:1      | Noticed a golden eye
   579 | D:1      | Noticed a great orb of eyes
   579 | D:1      | Noticed a floating eye
   586 | D:1      | Reached * piety under Lugonu
   605 | D:1      | Reached skill level 3 in Dodging
  1259 | D:2      | Found Zyupt's Distillery.
  1268 | D:2      | Bought a potion of heal wounds for 50 gold pieces
  2016 | D:2      | Reached ** piety under Lugonu
  2219 | D:3      | Reached skill level 5 in Invocations
  2221 | D:3      | Reached XP level 6. HP: 47/53 MP: 9/9
  2700 | D:4      | You pick up a book of Maledictions and begin reading...
  2700 | D:4      | You add the spells Ensorcelled Hibernation and Tukima's
                  | Dance to your library.
  2712 | D:4      | Found a white marble altar of Elyvilon.
  3027 | D:4      | Reached skill level 5 in Polearms
  3027 | D:4      | Reached skill level 5 in Armour
  3216 | D:4      | Found a stormy altar of Qazlal.
  3302 | D:4      | Found an ornate altar of the Wu Jian Council.
  3306 | D:4      | Found an iron altar of Okawaru.
  3311 | D:4      | Reached skill level 2 in Short Blades
  3311 | D:4      | Reached skill level 2 in Long Blades
  3311 | D:4      | Reached skill level 2 in Axes
  3311 | D:4      | Reached skill level 2 in Maces & Flails
  3311 | D:4      | Reached skill level 2 in Staves
  3311 | D:4      | Reached skill level 2 in Slings
  3311 | D:4      | Reached skill level 2 in Bows
  3311 | D:4      | Reached skill level 2 in Crossbows
  3311 | D:4      | Reached skill level 2 in Throwing
  3311 | D:4      | Reached skill level 2 in Stealth
  3311 | D:4      | Reached skill level 2 in Shields
  3311 | D:4      | Reached skill level 2 in Unarmed Combat
  3311 | D:4      | Reached skill level 2 in Spellcasting
  3311 | D:4      | Reached skill level 2 in Evocations
  3417 | D:4      | Found a staircase to the Ecumenical Temple.
  3724 | D:4      | Found a radiant altar of Vehumet.
  3762 | D:5      | Entered Level 5 of the Dungeon
  3807 | D:5      | Reached XP level 7. HP: 29/59 MP: 10/10
  3825 | D:5      | Reached skill level 7 in Fighting
  3826 | D:5      | Reached *** piety under Lugonu
  4031 | D:5      | You add the spells Ignite Poison, Mephitic Cloud and
                  | Freezing Cloud to your library.
  4032 | D:5      | Found an ancient bone altar of Kikubaaqudgha.
  4102 | D:5      | Reached skill level 2 in Conjurations
  4102 | D:5      | Reached skill level 2 in Hexes
  4102 | D:5      | Reached skill level 2 in Summonings
  4102 | D:5      | Reached skill level 2 in Necromancy
  4102 | D:5      | Reached skill level 2 in Translocations
  4102 | D:5      | Reached skill level 2 in Transmutations
  4102 | D:5      | Reached skill level 2 in Fire Magic
  4102 | D:5      | Reached skill level 2 in Ice Magic
  4102 | D:5      | Reached skill level 2 in Air Magic
  4102 | D:5      | Reached skill level 2 in Earth Magic
  4102 | D:5      | Reached skill level 2 in Poison Magic
  4204 | D:5      | You pick up a book of Air and begin reading...
  4204 | D:5      | You add the spells Shock, Swiftness and Airstrike to your
                  | library.
  4300 | D:5      | You add the spells Gell's Gravitas, Teleport Other and
                  | Dispersal to your library.
  4658 | D:5      | You pick up a book of Burglary and begin reading...
  4658 | D:5      | You add the spells Passwall and Invisibility to your
                  | library.
  5303 | D:6      | Reached XP level 8. HP: 59/67 MP: 12/12
  5356 | D:6      | Reached skill level 3 in Short Blades
  5356 | D:6      | Reached skill level 3 in Long Blades
  5356 | D:6      | Reached skill level 3 in Axes
  5356 | D:6      | Reached skill level 3 in Maces & Flails
  5356 | D:6      | Reached skill level 3 in Staves
  5356 | D:6      | Reached skill level 3 in Slings
  5356 | D:6      | Reached skill level 3 in Bows
  5356 | D:6      | Reached skill level 3 in Crossbows
  5356 | D:6      | Reached skill level 3 in Throwing
  5356 | D:6      | Reached skill level 4 in Dodging
  5356 | D:6      | Reached skill level 3 in Stealth
  5356 | D:6      | Reached skill level 3 in Shields
  5356 | D:6      | Reached skill level 3 in Unarmed Combat
  5356 | D:6      | Reached skill level 3 in Spellcasting
  5356 | D:6      | Reached skill level 3 in Evocations
  5606 | D:6      | HP: 13/65 [ogre (20)]
  6042 | D:6      | Reached skill level 6 in Invocations
  6201 | D:7      | Noticed Harold
  6247 | D:7      | Killed Harold
  6248 | D:7      | Reached skill level 4 in Short Blades
  6248 | D:7      | Reached skill level 4 in Long Blades
  6248 | D:7      | Reached skill level 4 in Axes
  6248 | D:7      | Reached skill level 4 in Maces & Flails
  6248 | D:7      | Reached skill level 6 in Polearms
  6248 | D:7      | Reached skill level 4 in Staves
  6248 | D:7      | Reached skill level 4 in Slings
  6248 | D:7      | Reached skill level 4 in Bows
  6248 | D:7      | Reached skill level 4 in Crossbows
  6248 | D:7      | Reached skill level 4 in Throwing
  6248 | D:7      | Reached skill level 6 in Armour
  6248 | D:7      | Reached skill level 4 in Stealth
  6248 | D:7      | Reached skill level 4 in Shields
  6248 | D:7      | Reached skill level 4 in Unarmed Combat
  6248 | D:7      | Reached skill level 4 in Spellcasting
  6248 | D:7      | Reached skill level 3 in Conjurations
  6248 | D:7      | Reached skill level 3 in Hexes
  6248 | D:7      | Reached skill level 3 in Summonings
  6248 | D:7      | Reached skill level 3 in Necromancy
  6248 | D:7      | Reached skill level 3 in Translocations
  6248 | D:7      | Reached skill level 3 in Transmutations
  6248 | D:7      | Reached skill level 3 in Fire Magic
  6248 | D:7      | Reached skill level 3 in Ice Magic
  6248 | D:7      | Reached skill level 3 in Air Magic
  6248 | D:7      | Reached skill level 3 in Earth Magic
  6248 | D:7      | Reached skill level 3 in Poison Magic
  6248 | D:7      | Reached skill level 4 in Evocations
  6248 | D:7      | Reached XP level 9. HP: 22/74 MP: 11/15
  6497 | D:7      | Reached skill level 5 in Dodging
  6615 | D:7      | Found a glowing silver altar of Zin.
  6948 | D:7      | Noticed Joseph
  6960 | D:7      | Killed Joseph
  6961 | D:7      | Reached skill level 8 in Fighting
  7195 | D:8      | Reached **** piety under Lugonu
  7326 | D:8      | HP: 18/74 [orc warrior (12)]
  7329 | D:8      | Reached skill level 7 in Invocations
  8078 | D:8      | Reached XP level 10. HP: 46/80 MP: 17/17
  8081 | D:8      | Reached skill level 4 in Conjurations
  8081 | D:8      | Reached skill level 4 in Hexes
  8081 | D:8      | Reached skill level 4 in Summonings
  8081 | D:8      | Reached skill level 4 in Necromancy
  8081 | D:8      | Reached skill level 4 in Translocations
  8081 | D:8      | Reached skill level 4 in Transmutations
  8081 | D:8      | Reached skill level 4 in Fire Magic
  8081 | D:8      | Reached skill level 4 in Ice Magic
  8081 | D:8      | Reached skill level 4 in Air Magic
  8081 | D:8      | Reached skill level 4 in Earth Magic
  8081 | D:8      | Reached skill level 4 in Poison Magic
  8322 | D:8      | Noticed Maggie
  8322 | D:8      | Maggie the Vainglorious comes into view. She is wielding
                  | the +9 lance "Wyrmbane" {slay drac, rPois rF+ rC+ AC+3}.
  8323 | D:8      | Aim: Maggie, wielding the +9 lance "Wyrmbane" {slay drac,
                  | rPois rF+ rC+ AC+3} and wearing +0 steam dragon scales (74%
                  | to hit)
  8323 | D:8      | Aim: Maggie, wielding the +9 lance "Wyrmbane" {slay drac,
                  | rPois rF+ rC+ AC+3} and wearing +0 steam dragon scales (74%
                  | to hit)
  8324 | D:8      | Aim: Maggie, wielding the +9 lance "Wyrmbane" {slay drac,
                  | rPois rF+ rC+ AC+3} and wearing +0 steam dragon scales
                  | (lightly wounded, 74% to hit)
  8324 | D:8      | Aim: Maggie, wielding the +9 lance "Wyrmbane" {slay drac,
                  | rPois rF+ rC+ AC+3} and wearing +0 steam dragon scales
                  | (lightly wounded, 74% to hit)
  8325 | D:8      | Aim: Maggie, wielding the +9 lance "Wyrmbane" {slay drac,
                  | rPois rF+ rC+ AC+3} and wearing +0 steam dragon scales
                  | (lightly wounded, mesmerising, 74% to hit)
  8325 | D:8      | Aim: Maggie, wielding the +9 lance "Wyrmbane" {slay drac,
                  | rPois rF+ rC+ AC+3} and wearing +0 steam dragon scales
                  | (lightly wounded, mesmerising, 74% to hit)
  8326 | D:8      | Aim: Maggie, wielding the +9 lance "Wyrmbane" {slay drac,
                  | rPois rF+ rC+ AC+3} and wearing +0 steam dragon scales
                  | (heavily wounded, mesmerising, covered in acid, 64% to hit,
                  | chance to blind on hit: 70%)
  8326 | D:8      | Aim: Maggie, wielding the +9 lance "Wyrmbane" {slay drac,
                  | rPois rF+ rC+ AC+3} and wearing +0 steam dragon scales
                  | (heavily wounded, mesmerising, covered in acid, 64% to hit,
                  | chance to blind on hit: 70%)
  8327 | D:8      | Aim: Maggie, wielding the +9 lance "Wyrmbane" {slay drac,
                  | rPois rF+ rC+ AC+3} and wearing +0 steam dragon scales
                  | (heavily wounded, mesmerising, covered in acid, 64% to hit,
                  | chance to blind on hit: 70%)
  8327 | D:8      | Aim: Maggie, wielding the +9 lance "Wyrmbane" {slay drac,
                  | rPois rF+ rC+ AC+3} and wearing +0 steam dragon scales
                  | (heavily wounded, mesmerising, covered in acid, 64% to hit,
                  | chance to blind on hit: 70%)
  8335 | D:8      | Killed Maggie
  8336 | D:8      | Reached skill level 5 in Short Blades
  8336 | D:8      | Reached skill level 5 in Long Blades
  8336 | D:8      | Reached skill level 5 in Axes
  8336 | D:8      | Reached skill level 5 in Maces & Flails
  8336 | D:8      | Reached skill level 5 in Staves
  8336 | D:8      | Reached skill level 5 in Slings
  8336 | D:8      | Reached skill level 5 in Bows
  8336 | D:8      | Reached skill level 5 in Crossbows
  8336 | D:8      | Reached skill level 5 in Throwing
  8336 | D:8      | Reached skill level 5 in Stealth
  8336 | D:8      | Reached skill level 5 in Shields
  8336 | D:8      | Reached skill level 5 in Unarmed Combat
  8336 | D:8      | Reached skill level 5 in Spellcasting
  8336 | D:8      | Reached skill level 5 in Evocations
  8712 | D:8      | Reached skill level 7 in Polearms
  8712 | D:8      | Reached skill level 7 in Armour
  8800 | D:8      | Found a snail-covered altar of Cheibriados.
  8944 | D:9      | Found a shimmering altar of Xom.
  9310 | D:9      | Reached skill level 6 in Dodging
  9327 | D:9      | Found a shadowy altar of Dithmenos.
  9382 | D:9      | Found a staircase to the Lair.
  9532 | D:9      | Noticed a cyclops
  9536 | D:9      | Banished a cyclops
 10181 | D:9      | Identified a scroll of acquirement
 10181 | D:9      | Acquired a +2 vorpal longbow
 10218 | D:10     | Entered Level 10 of the Dungeon
 10242 | D:10     | You add the spells Sting, Poisonous Vapours and Olgreb's
                  | Toxic Radiance to your library.
 10308 | D:10     | Noticed a two-headed ogre
 10318 | D:10     | Killed a two-headed ogre
 10319 | D:10     | Reached skill level 8 in Invocations
 10319 | D:10     | Reached XP level 11. HP: 83/87 MP: 19/19
 10415 | D:10     | Reached skill level 9 in Fighting
 10422 | D:10     | Reached skill level 6 in Short Blades
 10422 | D:10     | Reached skill level 6 in Long Blades
 10422 | D:10     | Reached skill level 6 in Axes
 10422 | D:10     | Reached skill level 6 in Maces & Flails
 10422 | D:10     | Reached skill level 6 in Staves
 10422 | D:10     | Reached skill level 6 in Slings
 10422 | D:10     | Reached skill level 6 in Bows
 10422 | D:10     | Reached skill level 6 in Crossbows
 10422 | D:10     | Reached skill level 6 in Throwing
 10422 | D:10     | Reached skill level 6 in Stealth
 10422 | D:10     | Reached skill level 6 in Shields
 10422 | D:10     | Reached skill level 6 in Unarmed Combat
 10422 | D:10     | Reached skill level 6 in Spellcasting
 10422 | D:10     | Reached skill level 6 in Evocations
 10424 | D:10     | Reached skill level 5 in Conjurations
 10424 | D:10     | Reached skill level 5 in Hexes
 10424 | D:10     | Reached skill level 5 in Summonings
 10424 | D:10     | Reached skill level 5 in Necromancy
 10424 | D:10     | Reached skill level 5 in Translocations
 10424 | D:10     | Reached skill level 5 in Transmutations
 10424 | D:10     | Reached skill level 5 in Fire Magic
 10424 | D:10     | Reached skill level 5 in Ice Magic
 10424 | D:10     | Reached skill level 5 in Air Magic
 10424 | D:10     | Reached skill level 5 in Earth Magic
 10424 | D:10     | Reached skill level 5 in Poison Magic
 10428 | D:10     | Noticed Grum
 10443 | D:10     | Killed Grum
 10755 | D:10     | Found a blossoming altar of Fedhas.
 10792 | D:10     | Found Qunab's Distillery.
 11238 | D:10     | Bought a potion of flight for 42 gold pieces
 11287 | D:9      | Reached ***** piety under Lugonu
 11437 | D:11     | Noticed Erolcha
 11969 | D:11     | Killed Erolcha
 11987 | D:11     | You pick up a book of Decay and begin reading...
 11987 | D:11     | You add the spells Corpse Rot, Dispel Undead and Death
                  | Channel to your library.
 12058 | D:11     | Reached skill level 8 in Polearms
 12058 | D:11     | Reached skill level 8 in Armour
 12058 | D:11     | Reached skill level 7 in Dodging
 12072 | D:11     | Identified the +4 long sword of Xiumonli {freeze, *Rage
                  | *Slow rF+ Str+4}
 12329 | D:11     | You pick up a book of Dreams and begin reading...
 12513 | D:11     | Found a staircase to the Orcish Mines.
 12586 | D:11     | Noticed a two-headed ogre
 12590 | D:11     | Killed a two-headed ogre
 12749 | D:12     | Found a flagged portal.
 12763 | Bailey   | Entered a bailey
 13133 | Bailey   | Noticed an orc knight
 13152 | Bailey   | Killed an orc knight
 13251 | Bailey   | Identified the +1 crystal plate armour "Rohyogen" {Will+}
 13252 | Bailey   | y - the +1 crystal plate armour "Rohyogen" {Will+, rare}
 13310 | D:12     | Found Engiobih's Armour Shoppe.
 13319 | D:12     | Reached XP level 12. HP: 78/96 MP: 22/22
 13482 | D:12     | Bought a +2 pair of gloves of strength for 365 gold pieces
 13540 | D:12     | Reached skill level 9 in Invocations
 13547 | D:12     | Reached skill level 7 in Short Blades
 13547 | D:12     | Reached skill level 7 in Long Blades
 13547 | D:12     | Reached skill level 7 in Axes
 13547 | D:12     | Reached skill level 7 in Maces & Flails
 13547 | D:12     | Reached skill level 7 in Staves
 13547 | D:12     | Reached skill level 7 in Slings
 13547 | D:12     | Reached skill level 7 in Bows
 13547 | D:12     | Reached skill level 7 in Crossbows
 13547 | D:12     | Reached skill level 7 in Throwing
 13547 | D:12     | Reached skill level 7 in Stealth
 13547 | D:12     | Reached skill level 7 in Shields
 13547 | D:12     | Reached skill level 7 in Unarmed Combat
 13547 | D:12     | Reached skill level 7 in Spellcasting
 13547 | D:12     | Reached skill level 7 in Evocations
 13749 | D:12     | Noticed a soul eater
 13841 | D:12     | Noticed a four-headed hydra
 13855 | D:12     | Killed a four-headed hydra
 14045 | D:12     | Noticed a two-headed ogre
 14058 | D:12     | Reached skill level 6 in Conjurations
 14058 | D:12     | Reached skill level 6 in Hexes
 14058 | D:12     | Reached skill level 6 in Summonings
 14058 | D:12     | Reached skill level 6 in Necromancy
 14058 | D:12     | Reached skill level 6 in Translocations
 14058 | D:12     | Reached skill level 6 in Transmutations
 14058 | D:12     | Reached skill level 6 in Fire Magic
 14058 | D:12     | Reached skill level 6 in Ice Magic
 14058 | D:12     | Reached skill level 6 in Air Magic
 14058 | D:12     | Reached skill level 6 in Earth Magic
 14058 | D:12     | Reached skill level 6 in Poison Magic
 14083 | D:12     | Aim: a two-headed ogre, wielding two +0 giant spiked clubs
                  | (severely wounded, very poisoned, slow, about 17% to evade
                  | the +9 lance "Wyrmbane")
 14083 | D:12     | Aim: a two-headed ogre, wielding two +0 giant spiked clubs
                  | (severely wounded, very poisoned, slow, about 17% to evade
                  | the +9 lance "Wyrmbane")
 14087 | D:12     | Killed a two-headed ogre
 14130 | D:12     | Noticed a boulder beetle
 14152 | D:12     | Killed a boulder beetle
 14423 | D:12     | You pick up a book of the Moon and begin reading...
 14423 | D:12     | You add the spells Passage of Golubria, Silence and
                  | Lehudib's Crystal Spear to your library.
 14626 | D:12     | Learned a level 2 spell: Passwall
 14630 | D:12     | Learned a level 3 spell: Mephitic Cloud
 15100 | D:13     | Reached skill level 10 in Fighting
 15100 | D:13     | Reached skill level 8 in Dodging
 15237 | D:13     | Noticed an eight-headed hydra
 15248 | D:13     | Killed an eight-headed hydra
 15481 | D:13     | Reached skill level 9 in Polearms
 15481 | D:13     | Reached skill level 9 in Armour
 15761 | D:13     | Noticed a centaur warrior
 15774 | D:13     | Killed a centaur warrior
 15995 | D:13     | Noticed a vault guard
 15995 | D:13     | Noticed a vault guard
 15995 | D:13     | Noticed a vault guard
 16164 | D:13     | Found a gate to the Vaults.
 16164 | D:13     | Noticed a vault guard
 16187 | D:13     | Noticed a vault guard
 16195 | D:13     | Noticed a vault guard
 16207 | D:13     | Killed a vault guard
 16208 | D:13     | Reached XP level 13. HP: 69/103 MP: 24/24
 16219 | D:13     | Killed a vault guard
 16603 | D:12     | Killed a vault guard
 16604 | D:12     | Reached skill level 8 in Short Blades
 16604 | D:12     | Reached skill level 8 in Long Blades
 16604 | D:12     | Reached skill level 8 in Axes
 16604 | D:12     | Reached skill level 8 in Maces & Flails
 16604 | D:12     | Reached skill level 8 in Staves
 16604 | D:12     | Reached skill level 8 in Slings
 16604 | D:12     | Reached skill level 8 in Bows
 16604 | D:12     | Reached skill level 8 in Crossbows
 16604 | D:12     | Reached skill level 8 in Throwing
 16604 | D:12     | Reached skill level 8 in Stealth
 16604 | D:12     | Reached skill level 8 in Shields
 16604 | D:12     | Reached skill level 8 in Unarmed Combat
 16604 | D:12     | Reached skill level 8 in Spellcasting
 16604 | D:12     | Reached skill level 8 in Evocations
 16628 | D:13     | Killed a vault guard
 16747 | D:13     | Noticed a vault guard
 16777 | D:13     | Killed a vault guard
 16778 | D:13     | Reached skill level 10 in Invocations
 16818 | D:13     | Noticed a vault guard
 16842 | D:13     | Killed a vault guard
 17291 | D:14     | Aim: a two-headed ogre, wielding two +0 giant spiked clubs
                  | (about 16% to evade the +9 lance "Wyrmbane")
 17291 | D:14     | Aim: a two-headed ogre, wielding two +0 giant spiked clubs
                  | (about 16% to evade the +9 lance "Wyrmbane")
 17292 | D:14     | Aim: a two-headed ogre, wielding two +0 giant spiked clubs
                  | (moderately wounded, about 16% to evade the +9 lance
                  | "Wyrmbane")
 17292 | D:14     | Aim: a two-headed ogre, wielding two +0 giant spiked clubs
                  | (moderately wounded, about 16% to evade the +9 lance
                  | "Wyrmbane")
 18054 | D:15     | Entered Level 15 of the Dungeon
 18119 | D:15     | Reached skill level 7 in Conjurations
 18119 | D:15     | Reached skill level 7 in Hexes
 18119 | D:15     | Reached skill level 7 in Summonings
 18119 | D:15     | Reached skill level 7 in Necromancy
 18119 | D:15     | Reached skill level 7 in Translocations
 18119 | D:15     | Reached skill level 7 in Transmutations
 18119 | D:15     | Reached skill level 7 in Fire Magic
 18119 | D:15     | Reached skill level 7 in Ice Magic
 18119 | D:15     | Reached skill level 7 in Air Magic
 18119 | D:15     | Reached skill level 7 in Earth Magic
 18119 | D:15     | Reached skill level 7 in Poison Magic
 18323 | D:15     | Found an iron altar of Okawaru.
 18334 | D:15     | Noticed a fire dragon
 18345 | D:15     | Killed a fire dragon
 18728 | D:15     | Reached skill level 9 in Dodging
 18850 | D:15     | Found a staircase to the Depths.
 18860 | D:15     | Aim: a necromancer, wielding a +0 dagger and wearing a +0
                  | robe (about 31% to evade the +10 lance "Wyrmbane")
 19204 | D:15     | You pick up a book of the Sky and begin reading...
 19204 | D:15     | You add the spells Summon Lightning Spire, Storm Form and
                  | Maxwell's Capacitive Coupling to your library.
 19333 | Depths:1 | Entered Level 1 of the Depths
 19333 | Depths:1 | Noticed a great orb of eyes
 19502 | Lair:1   | Entered Level 1 of the Lair of Beasts
 19618 | Lair:1   | Found a frozen archway.
 19627 | IceCv    | Entered an ice cave
 20022 | IceCv    | Reached XP level 14. HP: 111/111 MP: 26/26
 20207 | IceCv    | Reached skill level 10 in Polearms
 20207 | IceCv    | Reached skill level 10 in Armour
 20381 | IceCv    | You pick up a book of Callings and begin reading...
 20381 | IceCv    | You add the spells Summon Small Mammal, Call Canine
                  | Familiar and Summon Guardian Golem to your library.
 20393 | IceCv    | You add the spells Petrify, Irradiate, Blade Hands and
                  | Statue Form to your library.
 20393 | IceCv    | Got the Almanac of Transformation
 20411 | IceCv    | Acquired the +14 obsidian axe {vorpal, Mesm Drain Fly SInv}
 20411 | IceCv    | Found the +14 obsidian axe {vorpal, Mesm Drain Fly SInv}
 20414 | IceCv    | Acquired the +8 crystal plate armour of the Heavens {Int+4}
 20415 | IceCv    | X - the +8 crystal plate armour of the Heavens {Int+4,
                  | rare}
 20416 | IceCv    | Acquired 408 gold pieces
 20618 | Lair:1   | Reached skill level 11 in Fighting
 20622 | Lair:1   | Reached skill level 9 in Short Blades
 20622 | Lair:1   | Reached skill level 9 in Long Blades
 20622 | Lair:1   | Reached skill level 9 in Axes
 20622 | Lair:1   | Reached skill level 9 in Maces & Flails
 20622 | Lair:1   | Reached skill level 9 in Staves
 20622 | Lair:1   | Reached skill level 9 in Slings
 20622 | Lair:1   | Reached skill level 9 in Bows
 20622 | Lair:1   | Reached skill level 9 in Crossbows
 20622 | Lair:1   | Reached skill level 9 in Throwing
 20622 | Lair:1   | Reached skill level 9 in Stealth
 20622 | Lair:1   | Reached skill level 9 in Shields
 20622 | Lair:1   | Reached skill level 9 in Unarmed Combat
 20622 | Lair:1   | Reached skill level 9 in Spellcasting
 20622 | Lair:1   | Reached skill level 9 in Evocations
 20825 | Lair:1   | You drop the +1 crystal plate armour "Rohyogen" {Will+,
                  | rare}.
 20836 | Lair:1   | You finish putting on the +8 crystal plate armour of the
                  | Heavens {Int+4, rare}.
 21069 | Lair:1   | You add the spells Malign Gateway and Summon Horrible
                  | Things to your library.
 22390 | Lair:3   | Found a hole to the Spider Nest.
 23357 | Lair:4   | Reached skill level 11 in Invocations
 23532 | Lair:4   | Reached ****** piety under Lugonu
 24091 | Lair:4   | Found a staircase to the Swamp.
 24127 | Lair:4   | You fall into a shaft and drop 2 floors!
 24127 | Lair:6   | Entered Level 6 of the Lair of Beasts
 24839 | Lair:6   | Reached skill level 8 in Conjurations
 24839 | Lair:6   | Reached skill level 8 in Hexes
 24839 | Lair:6   | Reached skill level 8 in Summonings
 24839 | Lair:6   | Reached skill level 8 in Necromancy
 24839 | Lair:6   | Reached skill level 8 in Translocations
 24839 | Lair:6   | Reached skill level 8 in Transmutations
 24839 | Lair:6   | Reached skill level 8 in Fire Magic
 24839 | Lair:6   | Reached skill level 8 in Ice Magic
 24839 | Lair:6   | Reached skill level 8 in Air Magic
 24839 | Lair:6   | Reached skill level 8 in Earth Magic
 24839 | Lair:6   | Reached skill level 8 in Poison Magic
 25074 | Lair:6   | Acquired 828 gold pieces
 25184 | Lair:6   | Reached skill level 10 in Dodging
 25266 | Lair:6   | Reached XP level 15. HP: 113/119 MP: 28/28
 25512 | Lair:5   | Noticed Josephine
 25728 | Lair:5   | Killed Josephine
 25870 | Lair:5   | HP: 22/119 [death yak (15)]
 25976 | Lair:5   | You fall into a shaft and drop 1 floor!
 26186 | Lair:5   | You pick up a book of Winter and begin reading...
 26186 | Lair:5   | You add the spells Ozocubu's Armour, Metabolic Englaciation
                  | and Simulacrum to your library.
 26261 | Lair:5   | Found a staircase to the Slime Pits.
 26454 | Lair:5   | Reached skill level 10 in Short Blades
 26454 | Lair:5   | Reached skill level 10 in Long Blades
 26454 | Lair:5   | Reached skill level 10 in Axes
 26454 | Lair:5   | Reached skill level 10 in Maces & Flails
 26454 | Lair:5   | Reached skill level 10 in Staves
 26454 | Lair:5   | Reached skill level 10 in Slings
 26454 | Lair:5   | Reached skill level 10 in Bows
 26454 | Lair:5   | Reached skill level 10 in Crossbows
 26454 | Lair:5   | Reached skill level 10 in Throwing
 26454 | Lair:5   | Reached skill level 10 in Stealth
 26454 | Lair:5   | Reached skill level 10 in Shields
 26454 | Lair:5   | Reached skill level 10 in Unarmed Combat
 26454 | Lair:5   | Reached skill level 10 in Spellcasting
 26454 | Lair:5   | Reached skill level 10 in Evocations
 26468 | Lair:5   | You add the spells Foxfire and Spellforged Servitor to your
                  | library.
 26468 | Lair:5   | Got the Catalogue of Attacks and Heat
 27068 | Lair:6   | Reached skill level 11 in Polearms
 27068 | Lair:6   | Reached skill level 11 in Armour
 27376 | Lair:6   | You pick up a book of Vapours and begin reading...
 27421 | Lair:6   | Identified the +3 hand axe "Hentaq" {speed, rCorr}
 27584 | Lair:6   | Acquired the amulet of Xeisiled {Acrobat -Tele Slay+5
                  | Stlth-}
 28058 | Orc:1    | Entered Level 1 of the Orcish Mines
 28123 | Orc:2    | Entered Level 2 of the Orcish Mines
 28123 | Orc:2    | Found a staircase to the Elven Halls.
 28274 | Orc:1    | Noticed Maurice
 28307 | Orc:1    | Killed Maurice
 28313 | Orc:1    | Reached skill level 12 in Fighting
 28318 | Orc:1    | Noticed Sonja
 28328 | Orc:1    | Killed Sonja
 28398 | Orc:1    | Noticed Jorgrun
 28417 | Orc:1    | Killed Jorgrun
 28418 | Orc:1    | Reached skill level 12 in Invocations
 28609 | Orc:1    | Reached XP level 16. HP: 102/127 MP: 30/30
 28869 | Orc:2    | Found Vazomp's Book Shoppe.
 29005 | Orc:2    | Paralysed by an orc sorcerer for 4 turns
 29016 | Orc:1    | Aim: an orc sorcerer, wielding a +0 dagger and wearing a +0
                  | robe (almost dead, strong, about 25% to evade the +10 lance
                  | "Wyrmbane")
 29016 | Orc:1    | Aim: an orc sorcerer, wielding a +0 dagger and wearing a +0
                  | robe (almost dead, strong, about 25% to evade the +10 lance
                  | "Wyrmbane")
 29017 | Orc:1    | Aim: an orc knight, wielding a +0 great sword and wearing a
                  | +0 chain mail (moderately wounded, about 24% to evade the
                  | +10 lance "Wyrmbane")
 29017 | Orc:1    | Aim: an orc knight, wielding a +0 great sword and wearing a
                  | +0 chain mail (moderately wounded, about 24% to evade the
                  | +10 lance "Wyrmbane")
 29282 | Orc:2    | Reached skill level 9 in Conjurations
 29282 | Orc:2    | Reached skill level 9 in Hexes
 29282 | Orc:2    | Reached skill level 9 in Summonings
 29282 | Orc:2    | Reached skill level 9 in Necromancy
 29282 | Orc:2    | Reached skill level 9 in Translocations
 29282 | Orc:2    | Reached skill level 9 in Transmutations
 29282 | Orc:2    | Reached skill level 9 in Fire Magic
 29282 | Orc:2    | Reached skill level 9 in Ice Magic
 29282 | Orc:2    | Reached skill level 9 in Air Magic
 29282 | Orc:2    | Reached skill level 9 in Earth Magic
 29282 | Orc:2    | Reached skill level 9 in Poison Magic
 29795 | Orc:2    | Found Etiepid's Antique Weapon Boutique.
 29825 | Orc:2    | Aim: an orc knight, wielding a +0 glaive and wearing a +0
                  | plate armour (about 22% to evade the +10 lance "Wyrmbane")
 29825 | Orc:2    | Aim: an orc knight, wielding a +0 glaive and wearing a +0
                  | plate armour (about 22% to evade the +10 lance "Wyrmbane")
 29834 | Orc:2    | Aim: an orc knight, wielding a +0 glaive and wearing a +0
                  | plate armour (lightly wounded, about 22% to evade the +10
                  | lance "Wyrmbane")
 29834 | Orc:2    | Aim: an orc knight, wielding a +0 glaive and wearing a +0
                  | plate armour (lightly wounded, about 22% to evade the +10
                  | lance "Wyrmbane")
 29835 | Orc:2    | Aim: an orc knight, wielding a +0 glaive and wearing a +0
                  | plate armour (lightly wounded, about 22% to evade the +10
                  | lance "Wyrmbane")
 29835 | Orc:2    | Aim: an orc knight, wielding a +0 glaive and wearing a +0
                  | plate armour (lightly wounded, about 22% to evade the +10
                  | lance "Wyrmbane")
 29836 | Orc:2    | Aim: an orc knight, wielding a +0 glaive and wearing a +0
                  | plate armour (lightly wounded, about 22% to evade the +10
                  | lance "Wyrmbane")
 29836 | Orc:2    | Aim: an orc knight, wielding a +0 glaive and wearing a +0
                  | plate armour (lightly wounded, about 22% to evade the +10
                  | lance "Wyrmbane")
 29837 | Orc:2    | Aim: an orc knight, wielding a +0 glaive and wearing a +0
                  | plate armour (moderately wounded, about 23% to evade the
                  | +10 lance "Wyrmbane")
 29837 | Orc:2    | Aim: an orc knight, wielding a +0 glaive and wearing a +0
                  | plate armour (moderately wounded, about 22% to evade the
                  | +10 lance "Wyrmbane")
 29838 | Orc:2    | Aim: an orc knight, wielding a +0 glaive and wearing a +0
                  | plate armour (heavily wounded, about 22% to evade the +10
                  | lance "Wyrmbane")
 29838 | Orc:2    | Aim: an orc knight, wielding a +0 glaive and wearing a +0
                  | plate armour (heavily wounded, about 22% to evade the +10
                  | lance "Wyrmbane")
 29838 | Orc:2    | Aim: an orc warrior, wielding a +0 halberd and wearing a +0
                  | plate armour (moderately wounded, strong, about 22% to
                  | evade the +10 lance "Wyrmbane")
 29838 | Orc:2    | HP: 23/127 [orc warrior (20)]
 29839 | Orc:2    | Aim: an orc warrior, wielding a +0 halberd and wearing a +0
                  | plate armour (almost dead, strong, about 22% to evade the
                  | +10 lance "Wyrmbane")
 29839 | Orc:2    | Aim: an orc warrior, wielding a +0 halberd and wearing a +0
                  | plate armour (almost dead, strong, about 22% to evade the
                  | +10 lance "Wyrmbane")
 29839 | Orc:2    | Slain by an orc warrior

Vanquished Creatures
  Jorgrun (Orc:1)
  2 orc warlords
  2 dire elephants (Lair:6)
  Josephine (Lair:5)
  A fire dragon (D:15)
  6 vault guards
  7 hydras
  Erolcha (D:11)
  Harold (D:7)
  An ogre mage (Orc:1)
  A boulder beetle (D:12)
  2 catoblepae (Lair:6)
  4 centaur warriors
  10 two-headed ogres
  An orc high priest (Orc:2)
  8 death yaks
  Sonja (Orc:1)
  2 spectral death yaks (Lair:6)
  A spectral anaconda (Lair:6)
  2 wizards (D:15)
  2 lindwurms (Lair:6)
  A deep elf zephyrmancer (D:15)
  2 deep elf pyromancers
  5 necromancers
  An obsidian statue (Lair:6)
  An orb spider (Lair:3)
  5 orc knights
  A manticore (D:15)
  3 orc sorcerers
  6 ugly things
  An oklob plant (Lair:6)
  2 cyclopes
  14 elephants (Lair:6)
  Joseph (D:7)
  Maurice (Orc:1)
  4 black mambas
  3 ice statues (IceCv)
  Maggie (D:8)
  3 gargoyles
  A centaur skeleton (D:15)
  3 kobold demonologists
  2 unseen horrors
  2 torpor snails (Lair:6)
  9 cane toads
  A dire elephant skeleton (Lair:6)
  4 komodo dragons
  2 tengu conjurers (D:13)
  A rime drake (Lair:6)
  10 trolls
  A polar bear (Lair:2)
  A hornet (D:9)
  19 blink frogs
  A meliai (shapeshifter) (D:13)
  3 dream sheep (Lair:6)
  3 slime creatures (D:12)
  2 spectral elephants (Lair:6)
  A centaur simulacrum (D:15)
  A spriggan (Lair:5)
  3 wyverns
  2 shadows
  56 yaks
  11 wraiths
  A small abomination (Abyss:2)
  Grum (D:10)
  A steam dragon (Lair:4)
  3 vampire mosquitoes (D:14)
  A spectral cane toad (Lair:6)
  A death yak simulacrum (Lair:6)
  10 wargs
  2 harpy simulacra (IceCv)
  12 water moccasins
  29 orc warriors
  A swamp drake (Lair:4)
  An elephant zombie (Lair:6)
  9 ogres
  A necrophage (D:7)
  An elephant skeleton (Lair:6)
  9 wolves
  6 centaurs
  A phantom (D:6)
  5 kobold brigands
  7 bullfrogs
  3 scorpions
  2 cane toad simulacra (Lair:6)
  A water moccasin zombie (D:5)
  A wyvern skeleton (D:6)
  12 killer bees
  8 wights
  An electric eel (Lair:2)
  A howler monkey (D:10)
  A bullfrog zombie (D:5)
  4 centaur zombies
  3 hounds
  5 orc priests
  5 jellies
  A gnoll shaman (D:9)
  A bullfrog skeleton (D:7)
  2 iguanas
  4 hell rats (Lair:4)
  17 orc wizards
  3 polar bear simulacra (IceCv)
  2 wolf simulacra (IceCv)
  A hound skeleton (D:4)
  A howler monkey zombie (D:8)
  7 gnolls
  10 adders
  A howler monkey skeleton (D:6)
  A white imp (D:8)
  An ufetubus (D:5)
  4 worms
  8 dart slugs
  50 orcs
  6 ball pythons
  4 bats
  8 endoplasms
  12 giant cockroaches
  13 goblins
  4 hobgoblins
  4 quokkas
  4 frilled lizards
  41 kobolds
  5 rats
615 creatures vanquished.

Vanquished Creatures (collateral kills)
  A slime creature (D:12)
1 creature vanquished.

Vanquished Creatures (others)
  An orc wizard (D:6)
  2 kobolds
  33 fungi
  48 plants
  23 withered plants (Lair:6)
107 creatures vanquished.

Grand Total: 723 creatures vanquished

Table legend:
 A = Non-vault XP
 B = Vault XP
 C = Vault XP percentage of total XP
 D = Non-vault monster count
 E = Vault monster count
 F = Vault count percentage of total count
                 A         B        C        D         E       F
            +---------+---------+-------+---------+---------+-------
      Total |   88978 |   50405 |  36.2 |     467 |     151 |  24.4
            +---------+---------+-------+---------+---------+-------
        D:1 |      32 |       0 |   0.0 |      19 |       0 |   0.0
        D:2 |      53 |      25 |  32.1 |      17 |      13 |  43.3
        D:3 |      50 |       0 |   0.0 |      14 |       0 |   0.0
        D:4 |     116 |      24 |  17.1 |      12 |       6 |  33.3
        D:5 |     571 |       0 |   0.0 |      22 |       0 |   0.0
        D:6 |     771 |       0 |   0.0 |      18 |       0 |   0.0
        D:7 |     745 |    1435 |  65.8 |      19 |       2 |   9.5
        D:8 |    1514 |     429 |  22.1 |      36 |       2 |   5.3
        D:9 |    1825 |     407 |  18.2 |      25 |       2 |   7.4
       D:10 |    4285 |     537 |  11.1 |      30 |       4 |  11.8
       D:11 |    1655 |     965 |  36.8 |       9 |       1 |  10.0
       D:12 |    7916 |     992 |  11.1 |      25 |       5 |  16.7
       D:13 |    7025 |    4939 |  41.3 |      16 |       5 |  23.8
       D:14 |    4817 |       0 |   0.0 |      10 |       0 |   0.0
       D:15 |    4631 |    4700 |  50.4 |      13 |       9 |  40.9
     Lair:1 |    5291 |       0 |   0.0 |      23 |       0 |   0.0
     Lair:2 |    2929 |       0 |   0.0 |      14 |       0 |   0.0
     Lair:3 |    2926 |     586 |  16.7 |       9 |       1 |  10.0
     Lair:4 |    5671 |     958 |  14.5 |      12 |       7 |  36.8
     Lair:5 |    7226 |    2833 |  28.2 |      23 |      10 |  30.3
     Lair:6 |   15858 |   16436 |  50.9 |      50 |      37 |  42.5
      Orc:1 |    8558 |    8204 |  48.9 |      35 |      12 |  25.5
      Orc:2 |    4320 |    2636 |  37.9 |      15 |      10 |  40.0
    Abyss:2 |     193 |       0 |   0.0 |       1 |       0 |   0.0
     Bailey |       0 |    1391 | 100.0 |       0 |      13 | 100.0
      IceCv |       0 |    2908 | 100.0 |       0 |      12 | 100.0
            +---------+---------+-------+---------+---------+-------

Illustrated notes

Table legend:
 A = Kills in this place as a percentage of kills in entire the game.
 B = Kills by you in this place as a percentage of kills by you in the entire game.
 C = Kills by friends in this place as a percentage of kills by friends in the entire game.
 D = Other kills in this place as a percentage of other kills in the entire game.
 E = Experience gained in this place as a percentage of experience gained in the entire game.
 F = Experience gained in this place divided by the number of levels of this place that you have seen.
                   A       B       C       D       E      F
               +-------+-------+-------+-------+-------+----------------------
         Total | 100.0 | 100.0 | 100.0 | 100.0 | 100.0 | 4978.0
       Dungeon |  54.0 |  53.8 | 100.0 | 100.0 |  36.2 | 3363.9
          Lair |  30.1 |  30.2 |   0.0 |   0.0 |  43.6 | 10119.0
  Orcish Mines |  11.7 |  11.7 |   0.0 |   0.0 |  17.0 | 11859.0
         Abyss |   0.2 |   0.2 |   0.0 |   0.0 |   0.1 |  96.5
        Bailey |   2.1 |   2.1 |   0.0 |   0.0 |   1.0 | 1391.0
      Ice Cave |   1.9 |   2.0 |   0.0 |   0.0 |   2.1 | 2908.0
               +-------+-------+-------+-------+-------+----------------------

Table legend: (Time is in decaauts)
 A = Elapsed time spent in this place.
 B = Non-inter-level travel time spent in this place.
 C = Inter-level travel time spent in this place.
 D = Time resting spent in this place.
 E = Time spent auto-exploring this place.
 F = Levels seen in this place.
 G = Mean time per level.
                   A        B        C        D        E       F      G
               +--------+--------+--------+--------+--------+-----+--------+
         Total |  29511 |  27803 |   1708 |   2583 |  19540 |  28 | 1054.0 |
       Dungeon |  18965 |  17629 |   1336 |   1347 |  13012 |  15 | 1264.3 |
          Lair |   7377 |   7046 |    331 |    281 |   5197 |   6 | 1229.5 |
  Orcish Mines |   1675 |   1635 |     40 |    603 |    598 |   2 |  837.5 |
        Depths |      1 |      1 |      0 |      0 |      0 |   1 |    1.0 |
         Abyss |    138 |    138 |      0 |     43 |     19 |   2 |   69.0 |
        Bailey |    527 |    527 |      0 |      0 |    377 |   1 |  527.0 |
      Ice Cave |    825 |    825 |      0 |    309 |    336 |   1 |  825.0 |
               +--------+--------+--------+--------+--------+-----+--------+

Top non-repeatable levels by time:
  Lair:6: 2567 daAuts
    D:13: 2133 daAuts
    D:12: 1830 daAuts
     D:5: 1799 daAuts
     D:9: 1605 daAuts
     D:8: 1584 daAuts
   Orc:1: 1351 daAuts
    D:15: 1289 daAuts
     D:7: 1219 daAuts
  Lair:3: 1165 daAuts
    D:10: 1149 daAuts
  Lair:4: 1130 daAuts
     D:4: 1111 daAuts
  Lair:1: 1102 daAuts
     D:2: 1075 daAuts
